 Dungeon Crawl Stone Soup version 0.23.2-1-ga50397a (webtiles) character file.

Game seed: 11697322821925085774

26119 Fang the Fighter (level 13, -7/87 HPs)
             Began as a Gargoyle Berserker on Apr 30, 2019.
             Was a High Priest of Trog.
             Impaled on a porcupine's spines (14 damage)
             ... on level 3 of the Lair of Beasts.
             The game lasted 00:19:01 (14569 turns).

Fang the Fighter (Gargoyle Berserker)              Turns: 14569, Time: 00:19:02

Health: -7/87      AC: 32    Str: 25    XL:     13   Next: 23%
Magic:  13/13      EV: 11    Int:  9    God:    Trog [*****.]
Gold:   773        SH:  0    Dex:  9    Spells: 12/12 levels left

rFire    . . .     SeeInvis +   a - +2 war axe
rCold    . . .     Gourm    .   (no shield)
rNeg     + . .     Faith    .   b - +1 plate armour
rPois    ∞         Spirit   .   i - +2 helmet {SInv}
rElec    +         Reflect  .   (no cloak)
rCorr    +         Harm     .   (no gloves)
MR       +....                  y - +1 pair of boots
Stlth    ..........             (no amulet)
HPRegen  0.24/turn              k - ring of resist corrosion
MPRegen  0.13/turn              m - ring of protection from magic

@: no status effects
A: negative energy resistance 1, electricity resistance, unbreathing,
petrification resistance, rot immunity, AC +9
a: Berserk, Trog's Hand, Brothers in Arms, Renounce Religion


You were on level 3 of the Lair of Beasts.
You worshipped Trog.
Trog was extremely pleased with you.
You were hungry.

You visited 3 branches of the dungeon, and saw 15 of its levels.

You collected 773 gold pieces.

Inventory:

Hand Weapons
 a - a +2 war axe (weapon)
Armour
 b - a +1 plate armour (worn)
 i - a +2 helmet of see invisible (worn)
 y - a +1 pair of boots (worn)
Jewellery
 k - a ring of resist corrosion (left hand)
 m - a ring of protection from magic (right hand)
 p - an uncursed ring of ice
 s - an uncursed ring of see invisible
Wands
 g - a wand of scattershot (4)
 n - a wand of digging (4)
 q - a wand of flame (21)
 v - a wand of paralysis (9)
 w - a wand of polymorph (13)
Scrolls
 f - a scroll of fog
 h - 6 scrolls of remove curse
 j - 8 scrolls of teleportation
 l - 2 scrolls of magic mapping
 x - 2 scrolls of identify
 B - a scroll of holy word {unknown}
Potions
 d - a potion of agility
 e - 4 potions of flight
 o - a potion of invisibility
 r - 3 potions of haste
 t - 4 potions of mutation
 u - 3 potions of might
 z - a potion of curing {unknown}
 A - a potion of resistance {unknown}
Comestibles
 c - 14 rations


   Skills:
 + Level 12.3 Fighting
 + Level 10.5 Axes
 + Level 12.1 Armour
 + Level 9.6 Dodging


You had 12 spell levels left.
You didn't know any spells.
Your spell library was empty.

Dungeon Overview and Level Annotations

Branches:
Dungeon (11/15)            Temple (1/1) D:4            Lair (3/6) D:11
    Orc (0/2) D:11
  Swamp: Lair:2-4    Shoals: Lair:2-4     Snake: Lair:2-4    Spider: Lair:2-4

Altars:
Ashenzari
Cheibriados
Dithmenos
Elyvilon
Gozag
Hepliaklqana
Qazlal
Ru
Trog

Shops:
D:7 *   D:9 =   D:11 [


Innate Abilities, Weirdness & Mutations

You are resistant to torment.
Your stone body is resilient. (AC +9)
You are immune to poison.
You resist negative energy. (rN+)
You are resistant to electric shocks. (rElec)
You can survive without breathing.
You are immune to petrification.
You are immune to rotting.


Message History

You hear a shout!
Your ogre hits the 11-headed hydra with a +0 giant spiked club!!!
The 11-headed hydra dies!
Trog accepts your kill. The rime drake breathes ice at you.
The flash freeze hits your ogre!!
Your ogre is flash-frozen.
The rime drake bites your ogre.
Your ogre misses the rime drake. The porcupine barely misses you.
You are struck by the porcupine's spines.
* * * LOW HITPOINT WARNING * * *
You barely miss the porcupine. The rime drake bites your ogre.
The porcupine closely misses you.
Your ogre barely misses the rime drake.
The rime drake bites your ogre!
Your ogre dies!
Your ogre's corpse disappears in a puff of smoke!
You miss the porcupine.
The porcupine bites you but does no damage.
You are struck by the porcupine's spines.
You die...

##........#......†......
#. .8........###...<..
..k......#.#.......
.........##.. .....
#....#...##.#......
.#.###...##.#####..
##...#..k.$..# ..
......#.#..###
#######..r@..#
#............
####.#....... ..........
.....##.... ........#...
.......###... #.###P###
##


You could see a rime drake and a porcupine.

Vanquished Creatures
  Snorg (D:11)
  Harold (D:10)
  Fannar (D:10)
  4 death yaks (Lair:2)
  A death knight (D:11)
  2 two-headed ogres
  Urug (Lair:1)
  Sonja (D:10)
  3 cyclopes
  An ugly thing (D:11)
  A black mamba (Lair:2)
  4 spiny frogs
  3 komodo dragons
  A rime drake (Lair:2)
  2 freezing wraiths (D:11)
  2 trolls
  4 hippogriffs
  A human (D:10)
  3 wraiths
  4 hogs (D:10)
  11 yaks
  A basilisk (D:11)
  A hungry ghost (D:10)
  Grum (D:11)
  3 water moccasins (Lair:2)
  A porcupine (Lair:3)
  2 ice beasts
  3 orc warriors
  A necrophage (D:8)
  5 phantoms
  6 wolves
  7 ogres
  4 centaurs
  7 crocodiles
  Blork the orc (D:5)
  6 bullfrogs
  A wyvern skeleton (D:11)
  3 scorpions
  15 wights
  6 howler monkeys
  A centaur zombie (D:5)
  2 crimson imps
  4 hounds
  2 jellies
  3 bullfrog skeletons
  7 orc priests
  16 orc wizards
  3 centaur skeletons
  Jessica (D:2)
  5 iguanas
  9 worker ants
  A hound skeleton (D:8)
  Robin (D:2)
  5 gnolls
  5 adders
  3 shadow imps
  2 adder skeletons
  An adder zombie (D:9)
  2 dart slugs
  8 leopard geckos
  67 orcs
  5 bats
  6 giant cockroaches
  11 goblins
  6 hobgoblins
  11 jackals
  8 kobolds
  6 quokkas
  A ball python (D:4)
  3 frilled lizards
  A leopard gecko skeleton (D:6)
  2 rats
  A fungus (Lair:2)
  2 plants (D:11)
337 creatures vanquished.

Vanquished Creatures (collateral kills)
  2 hydras
  A death yak (Lair:2)
  A black mamba (Lair:2)
  Psyche (D:10)
  A spiny frog (Lair:3)
  4 blink frogs (Lair:2)
  A yak (Lair:2)
  A basilisk (Lair:2)
12 creatures vanquished.

Vanquished Creatures (others)
  An orc wizard (D:9)
  A plant (D:11)
2 creatures vanquished.

Grand Total: 351 creatures vanquished

Notes
Turn   | Place    | Note
-------+----------+-------------------------------------------
     0 | D:1      | Fang the Gargoyle Berserker began the quest for the Orb.
     0 | D:1      | Reached XP level 1. HP: 14/14 MP: 1/1
   156 | D:1      | Reached XP level 2. HP: 11/19 MP: 2/2
   296 | D:1      | Reached XP level 3. HP: 16/23 MP: 3/3
  1068 | D:2      | Noticed Robin
  1076 | D:2      | Reached ** piety under Trog
  1089 | D:2      | Killed Robin
  1089 | D:2      | Reached XP level 4. HP: 29/29 MP: 4/4
  1165 | D:2      | Found an opulent altar of Gozag.
  1195 | D:2      | Noticed Jessica
  1204 | D:2      | Killed Jessica
  1242 | D:2      | Found a white marble altar of Elyvilon.
  1290 | D:2      | Found a stormy altar of Qazlal.
  1290 | D:2      | Found a shadowy altar of Dithmenos.
  1291 | D:2      | Found a shattered altar of Ashenzari.
  1522 | D:3      | Found a sacrificial altar of Ru.
  1893 | D:3      | Reached XP level 5. HP: 5/33 MP: 5/5
  2554 | D:4      | Reached XP level 6. HP: 39/39 MP: 6/6
  2555 | D:4      | Found a staircase to the Ecumenical Temple.
  2711 | D:4      | Reached *** piety under Trog
  2861 | D:4      | Reached skill level 5 in Fighting
  2861 | D:4      | Reached XP level 7. HP: 12/44 MP: 7/7
  3365 | Temple   | Entered the Ecumenical Temple
  3467 | D:5      | Entered Level 5 of the Dungeon
  3479 | D:5      | Reached skill level 5 in Armour
  3614 | D:5      | Reached XP level 8. HP: 51/51 MP: 8/8
  3814 | D:5      | Reached **** piety under Trog
  3827 | D:5      | Reached skill level 5 in Axes
  3900 | D:5      | Noticed Blork the orc
  3909 | D:5      | Killed Blork the orc
  4177 | D:5      | Found a snail-covered altar of Cheibriados.
  4429 | D:6      | Found a bloodstained altar of Trog.
  5189 | D:6      | Reached XP level 9. HP: 55/56 MP: 9/9
  5205 | D:6      | Reached skill level 5 in Dodging
  5447 | D:6      | Identified a scroll of acquirement
  5872 | D:7      | Found Gihi's General Store.
  6080 | D:7      | Reached ***** piety under Trog
  6202 | D:8      | Noticed a two-headed ogre
  6213 | D:8      | Killed a two-headed ogre
  6213 | D:8      | Reached XP level 10. HP: 33/64 MP: 10/10
  6562 | D:8      | Found a hazy altar of Hepliaklqana.
  7596 | D:9      | Found Issig's Jewellery Shop.
  7786 | D:10     | Entered Level 10 of the Dungeon
  7837 | D:10     | Noticed Fannar
  7859 | D:10     | Killed Fannar
  8129 | D:10     | Noticed Harold
  8145 | D:10     | Killed Harold
  8155 | D:10     | Noticed a cyclops
  8173 | D:10     | Killed a cyclops
  8173 | D:10     | Reached XP level 11. HP: 44/71 MP: 11/11
  8891 | D:10     | Noticed Sonja
  9005 | D:10     | Killed Sonja
  9005 | D:10     | Reached skill level 10 in Fighting
  9153 | D:10     | Noticed Psyche
  9158 | D:10     | Killed Psyche
  9205 | D:10     | Reached skill level 10 in Armour
  9340 | D:11     | Noticed a cyclops
  9352 | D:11     | Killed a cyclops
  9504 | D:11     | Found a staircase to the Orcish Mines.
  9520 | D:11     | Noticed a two-headed ogre
  9531 | D:11     | Killed a two-headed ogre
  9908 | D:11     | Received a gift from Trog
  9957 | D:11     | Found a staircase to the Lair.
 10179 | D:11     | Noticed a cyclops
 10193 | D:11     | Killed a cyclops
 10374 | D:11     | Found Rimnere's Antique Armour Boutique.
 10403 | D:11     | Reached XP level 12. HP: 79/79 MP: 12/12
 10756 | D:11     | Noticed Grum
 10777 | D:11     | Killed Grum
 10792 | D:11     | Noticed a death knight
 10819 | D:11     | Killed a death knight
 11253 | D:11     | Noticed Snorg
 11268 | D:11     | Killed Snorg
 11615 | Lair:1   | Entered Level 1 of the Lair of Beasts
 11969 | Lair:1   | Noticed Urug
 11986 | Lair:1   | Killed Urug
 12567 | Lair:2   | Reached skill level 10 in Axes
 12968 | Lair:2   | Noticed a death yak
 12968 | Lair:2   | Noticed a death yak
 12968 | Lair:2   | Noticed a death yak
 12968 | Lair:2   | Noticed a death yak
 12969 | Lair:2   | Noticed a death yak
 12983 | Lair:2   | Killed a death yak
 12985 | Lair:2   | Killed a death yak
 12986 | Lair:2   | Killed a death yak
 12990 | Lair:2   | Killed a death yak
 12990 | Lair:2   | Reached XP level 13. HP: 86/86 MP: 13/13
 14569 | Lair:3   | Impaled on a porcupine's spines

Skill      XL: |  1  2  3  4  5  6  7  8  9 10 11 12 13 |
---------------+----------------------------------------+-----
Dodging        | 2 3 4 5 7 8 9 |  9.6
Axes           | 3 4 5 6 8 9 10 | 10.5
Armour         | 3 4 5 6 7 9 10 11 12 | 12.1
Fighting       | 4 5 6 8 9 10 12 | 12.3

Action                   |  1- 3 |  4- 6 |  7- 9 | 10-12 | 13-15 || total
-------------------------+-------+-------+-------+-------+-------++-------
Melee: Hand axe          |    93 |    53 |       |       |       ||   146
       War axe           |       |    80 |   422 |   662 |    96 ||  1260
Invok: Berserk           |     2 |     3 |     3 |    12 |       ||    20
       Trog's Hand       |       |       |       |     1 |       ||     1
       Brothers in Arms  |       |       |       |     2 |     4 ||     6
  Use: Scroll            |       |       |    12 |     9 |       ||    21
  Eat: Chunk             |     1 |     9 |    15 |    29 |     3 ||    57
       Ration            |       |       |       |     3 |     1 ||     4
Armor: Animal skin       |    26 |       |       |       |       ||    26
       Chain mail        |    12 |    35 |       |       |       ||    47
       Plate armour      |       |    78 |   357 |   637 |   152 ||  1224
Dodge: Dodged            |    58 |    71 |   199 |   426 |    81 ||   835
